 Dungeon Crawl Stone Soup version 0.29.1-4-g47bece8355 (webtiles) character file.

Game seed: 11681468073945253578

81878 Haldmier the Brawler (level 15, 0/130 HPs)
             Began as a Ghoul Brigand on Dec 3, 2022.
             Was a High Priest of Okawaru.
             Slain by Rupert
             ... wielding a +1 battleaxe of electrocution
              (18 damage)
             ... on level 1 of the Orcish Mines.
             The game lasted 01:12:48 (24246 turns).

Haldmier the Brawler (Ghoul Brigand)               Turns: 24246, Time: 01:12:48

Health: 0/130      AC: 24    Str: 23    XL:     15   Next: 71%
Magic:  14/21      EV: 10    Int:  6    God:    Okawaru [*****.]
Gold:   2251       SH:  0    Dex: 10    Spells: 14/14 levels left

rFire   + + .      SeeInvis .     - Unarmed
rCold   + + .      Faith    .   (no shield)
rNeg    + + +      Spirit   .   F - +3 plate armour
rPois   ∞          Reflect  .   V - +1 hat {Will+}
rElec   .          Harm     .   E - scarf {rC+ rF+}
rCorr   .          Rampage  .   (no gloves)
Will    ++...                   L - +2 pair of boots
Stlth   ..........              S - amulet of the acrobat
HPRegen 0.00/turn               x - ring of protection from fire
MPRegen 0.17/turn               (no ring)

@: heroic, finesse-ful, inhibited regen
A: claws 1, cold resistance 1, negative energy resistance 3, inhibited
regeneration, torment resistance 2, devour on kill
a: Renounce Religion, Heroism, Finesse, Duel


You were on level 1 of the Orcish Mines.
You worshipped Okawaru.
Okawaru was extremely pleased with you.
You visited 4 branches of the dungeon, and saw 18 of its levels.
You also visited: Bailey.

You collected 2251 gold pieces.

Inventory:

Hand Weapons
 K - the +5 sling of Wargho {flame, rC++ Str+3 SInv}
   (Okawaru gifted it to you on level 1 of the Lair of Beasts)

   Any ammunition fired from it burns those it strikes, dealing additional fire
   damage.
   Str:       It affects your strength (+3).
   rC:        It greatly protects you from cold.
   SInv:      It lets you see invisible.
Missiles
 d - 19 poisoned darts
 e - 5 curare-tipped darts (quivered)
 v - 29 boomerangs
 y - a silver javelin
 G - 21 javelins
 H - 2 silver boomerangs
 J - 4 atropa-tipped darts
Armour
 i - a +2 chain mail of poison resistance
 C - +0 steam dragon scales
 E - a scarf of resistance (worn)
 F - a +3 plate armour (worn)
 L - a +2 pair of boots (worn)
 O - the +2 leather armour "Alacw" {rPois rN+ Will- Regen+ Str+6}
   (You found it on level 4 of the Lair of Beasts)

   Str:       It affects your strength (+6).
   rPois:     It protects you from poison.
   rN:        It protects you from negative energy.
   Regen:     It increases your rate of health regeneration.
   Will:      It decreases your willpower.
 U - a +2 leather armour of cold resistance
 V - a +1 hat of willpower (worn)
Magical Staves
 W - a staff of fire
Jewellery
 x - a ring of protection from fire (left claw)
 S - an amulet of the acrobat (around neck)
Wands
 g - a wand of flame (10)
 k - a wand of paralysis (14)
 I - a wand of quicksilver (11)
 M - a wand of digging (6)
 N - a wand of iceblast (6)
 P - a wand of polymorph (3)
Scrolls
 b - 2 scrolls of blinking {unknown}
 f - 2 scrolls of vulnerability
 m - 3 scrolls of amnesia {unknown}
 o - 6 scrolls of enchant weapon
 q - a scroll of magic mapping
 r - a scroll of poison {unknown}
 s - 9 scrolls of teleportation
 t - 8 scrolls of fear {unknown}
 u - 2 scrolls of identify
 w - a scroll of brand weapon {unknown}
 z - 3 scrolls of enchant armour {unknown}
 D - 4 scrolls of immolation
Potions
 a - 6 potions of brilliance
 c - a potion of resistance
 h - 3 potions of heal wounds
 j - 3 potions of magic
 l - 2 potions of ambrosia
 n - 5 potions of curing
 p - 3 potions of haste
 A - 2 potions of flight
 B - 2 potions of invisibility
 R - 2 potions of attraction
 T - a potion of might {unknown}


   Skills:
 + Level 11.5(16.5) Fighting
 - Level 1.7(6.7) Short Blades
 + Level 9.7(14.7) Throwing
 + Level 9.6(14.6) Armour
 + Level 6.3(11.3) Dodging
 - Level 4.3(9.3) Stealth
 * Level 16.4(21.4) Unarmed Combat
 + Level 10.6 Invocations
 - Level 3.0 Evocations


You had 14 spell levels left.
You didn't know any spells.
Your spell library contained the following spells:

 Spells                   Type           Power      Damage    Failure   Level
 Blink                    Tloc           0%         N/A       100%        2
 Static Discharge         Conj/Air       0%         3-3/arc   100%        2
 Dazzling Flash           Conj/Hex       0%         N/A       100%        3
 Lesser Beckoning         Tloc           0%         N/A       100%        3
 Dispel Undead            Necr           0%         3d6       100%        4
 Fulminant Prism          Conj/Hex       0%         3d6       100%        4
 Iskenderun's Mystic Bla  Conj/Tloc      0%         2d3       100%        4
 Leda's Liquefaction      Hex/Erth       0%         N/A       100%        4
 Passage of Golubria      Tloc           0%         N/A       100%        4
 Sticky Flame             Conj/Fire      0%         2d3       100%        4
 Alistair's Intoxication  Tmut/Pois      0%         N/A       100%        5
 Borgnjor's Vile Clutch   Necr/Erth      0%         N/A       100%        5
 Lee's Rapid Deconstruct  Erth           0%         3d5*      100%        5
 Manifold Assault         Tloc           0%         N/A       100%        5
 Yara's Violent Unravell  Hex/Tmut       0%         3d3       100%        5
 Eringya's Noxious Bog    Tmut/Pois      0%         N/A       100%        6
 Iron Shot                Conj/Erth      0%         9d1       100%        6
 Starburst                Conj/Fire      0%         6d3       100%        6
 Tukima's Dance           Hex            Unusable   N/A       N/A         3
 Animate Armour           Summ/Erth      Unusable   N/A       N/A         4
 Blade Hands              Tmut           Unusable   N/A       N/A         5
 Statue Form              Tmut/Erth      Unusable   N/A       N/A         6

Dungeon Overview and Level Annotations

Branches:
Dungeon (10/15)            Temple (1/1) D:5            Lair (5/5) D:9
  Swamp (0/4) Lair:2       Spider (0/4) Lair:3        Slime (0/5) Lair:4
    Orc (2/2) D:10         Bailey (visited)
    Elf: Orc:2

Altars:
Ashenzari
Cheibriados
Dithmenos
Fedhas
Gozag
Hepliaklqana
Kikubaaqudgha
Makhleb
Nemelex Xobeh
Okawaru
Qazlal
Ru
Sif Muna
Trog
Uskayaw
Vehumet
Wu Jian
Xom
Yredelemnul
Jiyva

Annotations:
Orc:1 Rupert


Innate Abilities, Weirdness & Mutations

You are immune to poison.
You have sharp fingernails.
Your flesh is cold resistant. (rC+)
You are immune to negative energy. (rN+++)
You do not regenerate when monsters are visible.
You are immune to unholy pain and torment.
You thrive by killing the living.


Message History

You claw the orc sorcerer!
The orc sorcerer is heavily wounded.
Rupert is no longer moving slowly.
The orc sorcerer hits you but does no damage.
Rupert hits you with a +1 battleaxe of electrocution!!
You scratch the orc sorcerer.
The orc sorcerer is heavily wounded.
The orc sorcerer hits you but does no damage.
You claw the orc sorcerer!
You kill the orc sorcerer!
Okawaru accepts your kill. Okawaru grants you throwing weapons!
Something appears at your feet!
Rupert hits you with a +1 battleaxe of electrocution!
You gain the combat prowess of a mighty hero.
Rupert roars madly and goes into a rage!
Rupert goes berserk!
You can now deal lightning-fast blows.
Rupert hits you with a +1 battleaxe of electrocution.
Rupert hits you with a +1 battleaxe of electrocution!
You are electrocuted!!
You closely miss Rupert.
Rupert is moderately wounded.
You completely miss Rupert. Your claw misses Rupert.
Rupert is moderately wounded.
Rupert misses you.
You eviscerate Rupert!!!
Rupert is severely wounded.
You barely miss Rupert.
Rupert is severely wounded.
You mangle Rupert!!
Rupert is severely wounded.
Rupert hits you with a +1 battleaxe of electrocution!!
* * * LOW HITPOINT WARNING * * *
You barely miss Rupert. You claw Rupert!
Rupert is severely wounded.
You claw Rupert! x2
Rupert is almost dead.
Rupert hits you with a +1 battleaxe of electrocution!!
You die...

### ##.# ##### #..###
##...## ###....# ##.....#
##......# #......###
##.......######........#
##...)....#.#..........##
#....)..).......).......##
.....#..........@@#......#
.....###..........#.#....##
....####.........####.....#
......#...........#.#....##
.....##......[....#......#
......#....#..)..[#......#
#.........###....[.....###
####.......####[)..)...#
###.....### ##....####


You could see Rupert (berserk, poisoned).

Vanquished Creatures
  Kirke (Lair:4)
  Gastronok (Lair:1)
  An orc warlord (Bailey)
  A boulder beetle (Lair:5)
  4 hydras
  2 catoblepae
  A deep troll shaman (Lair:5)
  11 death yaks
  Urug (Lair:5)
  5 skeletal warriors (D:10)
  2 bog bodies (Lair:2)
  3 orc knights
  A necromancer (Lair:4)
  An orc sorcerer (Orc:1)
  An oklob plant (Lair:4)
  16 elephants
  5 black mambas
  Maurice (D:8)
  2 torpor snails
  A gargoyle (D:10)
  11 cane toads
  Psyche (D:8)
  2 rime drakes
  5 komodo dragons
  A polar bear (Lair:2)
  15 blink frogs
  6 dream sheep (Lair:5)
  A shadow (D:10)
  3 wyverns
  38 yaks
  3 humans (Lair:4)
  2 basilisks
  A hog (Lair:4)
  6 steam dragons
  Menkaure (D:4)
  Edmund (D:4)
  2 wargs (Orc:1)
  10 water moccasins
  4 ice beasts (D:6)
  22 orc warriors
  A swamp drake (D:10)
  3 sky beasts
  3 black bears
  2 ogres
  3 elephant zombies (Lair:4)
  21 wolves
  4 centaurs
  A phantom (D:4)
  A komodo dragon zombie (Lair:4)
  7 bullfrogs
  A gnoll sergeant (D:10)
  2 necrophages
  7 scorpions
  6 killer bees (D:7)
  4 howler monkeys
  An electric eel (Lair:4)
  A basilisk zombie (Lair:4)
  A hound (D:6)
  7 orc priests
  6 jellies
  Terence (D:3)
  Jessica (D:3)
  2 gnoll boudas
  4 iguanas
  3 hell rats (D:9)
  13 orc wizards
  18 gnolls
  5 adders
  A white imp (D:7)
  2 worms (Lair:3)
  2 dart slugs
  69 orcs
  4 ball pythons
  5 bats
  11 endoplasms
  6 giant cockroaches
  18 hobgoblins
  4 jackals
  3 quokkas
  3 frilled lizards (D:1)
  22 goblins
  2 kobolds (D:2)
  7 rats
484 creatures vanquished.

Vanquished Creatures (others)
  2 bushes
  61 fungi
  51 plants
114 creatures vanquished.

Grand Total: 598 creatures vanquished

Notes
Turn   | Place    | Note
-------+----------+-------------------------------------------
     0 | D:1      | Haldmier the Ghoul Brigand began the quest for the Orb.
     0 | D:1      | Reached XP level 1. HP: 17/17 MP: 0/0
   102 | D:1      | Reached skill level 1 in Unarmed Combat
   139 | D:1      | Reached XP level 2. HP: 24/24 MP: 1/1
   237 | D:1      | Reached skill level 2 in Unarmed Combat
   711 | D:1      | Reached XP level 3. HP: 29/29 MP: 2/2
  1275 | D:2      | Reached skill level 3 in Unarmed Combat
  1839 | D:2      | Reached XP level 4. HP: 36/36 MP: 3/3
  2194 | D:2      | Reached skill level 4 in Unarmed Combat
  2671 | D:3      | Found a stormy altar of Qazlal.
  2706 | D:3      | Noticed Jessica
  2772 | D:3      | Noticed Terence
  2795 | D:3      | Killed Terence
  2796 | D:3      | Reached skill level 1 in Dodging
  3059 | D:3      | Found a sacrificial altar of Ru.
  3394 | D:3      | Killed Jessica
  3395 | D:3      | Reached XP level 5. HP: 42/42 MP: 4/4
  3788 | D:4      | Reached skill level 1 in Armour
  3854 | D:4      | Noticed a phantom
  3875 | D:4      | Killed a phantom
  3876 | D:4      | Reached XP level 6. HP: 40/50 MP: 5/5
  3951 | D:4      | Noticed Edmund
  4018 | D:4      | Reached skill level 5 in Unarmed Combat
  4033 | D:4      | Noticed Menkaure
  4058 | D:5      | Entered Level 5 of the Dungeon
  4062 | D:5      | Noticed a black bear
  4067 | D:5      | Killed a black bear
  4230 | D:5      | Reached XP level 7. HP: 55/57 MP: 6/6
  4442 | D:4      | Killed Edmund
  4576 | D:4      | Killed Menkaure
  4577 | D:4      | Reached skill level 6 in Unarmed Combat
  5323 | D:5      | Reached XP level 8. HP: 58/66 MP: 7/7
  6428 | D:5      | Found a staircase to the Ecumenical Temple.
  6439 | Temple   | Entered the Ecumenical Temple
  6475 | Temple   | Became a worshipper of Warmaster Okawaru
  6868 | D:6      | Reached skill level 7 in Unarmed Combat
  7230 | D:6      | Reached * piety under Okawaru
  7405 | D:6      | Reached skill level 1 in Invocations
  7405 | D:6      | Reached XP level 9. HP: 59/73 MP: 8/8
  7484 | D:6      | Found a shimmering blue altar of Sif Muna.
  7490 | D:6      | Reached skill level 5 in Fighting
  7557 | D:6      | Reached skill level 8 in Unarmed Combat
  8216 | D:7      | Reached ** piety under Okawaru
  9391 | D:8      | Reached skill level 5 in Throwing
  9391 | D:8      | Reached skill level 9 in Unarmed Combat
  9471 | D:8      | Reached XP level 10. HP: 72/83 MP: 11/11
  9917 | D:8      | Noticed Maurice
  9972 | D:8      | Killed Maurice
 10518 | D:8      | Noticed Psyche
 10532 | D:8      | Killed Psyche
 10532 | D:8      | Reached *** piety under Okawaru
 10603 | D:8      | Reached skill level 5 in Dodging
 11091 | D:9      | Noticed a death yak
 11091 | D:9      | Noticed a death yak
 11091 | D:9      | Found a staircase to the Lair.
 11194 | D:9      | Reached skill level 5 in Armour
 11455 | D:9      | Noticed a death yak
 11456 | D:9      | Killed a death yak
 11457 | D:9      | Reached skill level 10 in Unarmed Combat
 11469 | D:9      | Killed a death yak
 11469 | D:9      | Reached **** piety under Okawaru
 11486 | D:9      | Killed a death yak
 11486 | D:9      | Received a gift from Okawaru
 11487 | D:9      | Reached skill level 5 in Invocations
 11487 | D:9      | Reached XP level 11. HP: 82/92 MP: 13/13
 12236 | D:9      | Found a sparkling altar of Nemelex Xobeh.
 12265 | Lair:1   | Entered Level 1 of the Lair of Beasts
 12265 | Lair:1   | Noticed Gastronok
 12309 | Lair:2   | Reached skill level 11 in Unarmed Combat
 12356 | Lair:2   | Noticed a catoblepas
 12378 | Lair:2   | Killed a catoblepas
 12378 | Lair:2   | Reached ***** piety under Okawaru
 12386 | Lair:2   | Received a gift from Okawaru
 12799 | Lair:1   | Killed Gastronok
 12953 | D:9      | Received a gift from Okawaru
 13260 | Lair:1   | Reached skill level 12 in Unarmed Combat
 13519 | Lair:1   | Identified the +5 sling of Wargho {flame, rC++ Str+3 SInv}
                  | (Okawaru gifted it to you on level 1 of the Lair of Beasts)
 13519 | Lair:1   | Received a gift from Okawaru
 13852 | Lair:1   | Reached XP level 12. HP: 86/103 MP: 16/16
 14640 | Lair:2   | Reached skill level 1 in Evocations
 14823 | Lair:1   | Reached ****** piety under Okawaru
 14954 | Lair:2   | Noticed a six-headed hydra
 14962 | Lair:2   | Killed a six-headed hydra
 14962 | Lair:2   | Received a gift from Okawaru
 14998 | Lair:2   | Received a gift from Okawaru
 15156 | Lair:2   | Found a staircase to the Swamp.
 15177 | Lair:2   | Reached skill level 13 in Unarmed Combat
 16184 | Lair:3   | Noticed a death yak
 16198 | Lair:3   | Noticed a death yak
 16200 | Lair:3   | Noticed a death yak
 16203 | Lair:3   | Killed a death yak
 16222 | Lair:2   | Killed a death yak
 16340 | Lair:3   | Killed a death yak
 16341 | Lair:3   | Reached XP level 13. HP: 69/111 MP: 18/18
 16803 | Lair:3   | Identified the +4 short sword "Murmur" {venom, Int+5}
                  | (Okawaru gifted it to you on level 3 of the Lair of Beasts)
 16803 | Lair:3   | Received a gift from Okawaru
 16887 | Lair:3   | Found a hole to the Spider Nest.
 16965 | Lair:3   | Reached skill level 14 in Unarmed Combat
 17347 | Lair:4   | Identified a scroll of acquirement
 17351 | Lair:3   | Acquired 857 gold pieces
 17541 | Lair:4   | Found a viscous altar of Jiyva.
 17541 | Lair:4   | Found a staircase to the Slime Pits.
 17805 | Lair:4   | Noticed Kirke
 17820 | Lair:4   | Killed Kirke
 17976 | Lair:4   | Identified the +2 leather armour "Alacw" {rPois rN+ Will-
                  | Regen+ Str+6}
 18564 | Lair:4   | Identified the +1 hat of Pyetisch {Int+6} (Okawaru gifted
                  | it to you on level 4 of the Lair of Beasts)
 18564 | Lair:4   | Received a gift from Okawaru
 19056 | Lair:4   | Reached skill level 10 in Fighting
 19251 | Lair:5   | Entered Level 5 of the Lair of Beasts
 19251 | Lair:5   | Noticed Urug
 19259 | Lair:5   | Killed Urug
 19723 | Lair:5   | Reached skill level 15 in Unarmed Combat
 20235 | Lair:5   | Reached XP level 14. HP: 47/122 MP: 7/20
 21248 | Lair:5   | Received a gift from Okawaru
 21832 | Lair:5   | Identified the +5 robe of Gozag, Enfolding {-Tele rN+++
                  | Int+4 Dex-4}
 22033 | D:10     | Entered Level 10 of the Dungeon
 22260 | D:10     | Found a flagged portal.
 22280 | Bailey   | Entered a bailey
 22384 | Bailey   | Reached skill level 10 in Invocations
 22609 | Bailey   | Received a gift from Okawaru
 22808 | Bailey   | Noticed an orc warlord
 22828 | Bailey   | Killed an orc warlord
 22899 | D:10     | Reached skill level 16 in Unarmed Combat
 22899 | D:10     | Reached XP level 15. HP: 130/130 MP: 21/21
 22985 | D:10     | Received a gift from Okawaru
 23368 | D:10     | Found a staircase to the Orcish Mines.
 23529 | Orc:1    | Entered Level 1 of the Orcish Mines
 24180 | Orc:2    | Entered Level 2 of the Orcish Mines
 24223 | Orc:2    | Noticed Rupert
 24237 | Orc:1    | Received a gift from Okawaru
 24246 | Orc:1    | Slain by Rupert

Illustrated notes

Levels and vault maps discovered:
D:1:      dpeg_arrival_line_fractal, layout_loops_ring, serial_rivers,
          chequers_serial_rivers_micro_d, chequers_serial_rivers_room_a,
          chequers_serial_rivers_large_b, chequers_serial_rivers_large_a
D:2:      layout_basic
D:3:      layout_basic, mainiacjoe_overflow_24_doors,
          nicolae_qazlal_eye_of_the_storm, uniq_jessica, uniq_terence
D:4:      layout_basic, kennysheep_opposing_triangles, uniq_edmund,
          uniq_menkaure, uniq_crazy_yiuf_cottage
D:5:      layout_gridville, minmay_temple_entry_fiery
D:6:      kennysheep_steamy, layout_cave_pools, kennysheep_orc_sif_temple,
          hex_medium, minmay_misc_feat_plants, st_stairs_8, minmay_hedge_maze,
          bh_walls_and_bars
D:7:      layout_basic, serial_co_window_serial, co_window_cross_1,
          co_window_corner_a, co_window_corner_a, co_window_paths_a,
          co_window_of_opportunity_a, co_window_paths_b, co_window_corner_a,
          co_window_corner_a, co_window_cross_1, co_window_corner_cb,
          co_window_broadway_b, co_window_of_opportunity_b,
          co_window_of_opportunity_b, co_window_corner_b, co_window_2corner,
          co_window_2corner, glass_columns_b, glass_columns_a, glass_columns_a,
          glass_columns_a, chequers_serial_rivers_room_b
D:8:      layout_loops_ring, kennysheep_little_box, uniq_maurice, uniq_psyche
D:9:      layout_irregular_city, mainiacjoe_overflow_alcove_2,
          dpeg_lair_monsters
D:10:     layout_rooms, erik_orc_1, enter_bailey_2, hangedman_decor_points
Temple:   nicolae_temple_bog_church
Lair:1:   layout_regular_city, hibernation_bobbens, grunt_megastairs_4,
          lemuel_fruit_fields, uniq_gastronok
Lair:2:   layout_regular_city, skrybe_swamp_entry_bodies, grunt_megastairs_5
Lair:3:   layout_misc_corridors, nicolae_spider_entry_non_spiders
Lair:4:   pond_and_an_island_with_a_cottage, layout_long_grid,
          nicolae_slime_entry_slimehenge, lemuel_oklob_altar, uniq_kirke
Lair:5:   grunt_lair_end_beastmaster, layout_regular_city, nzn_sisyphean_effort,
          uniq_urug
Orc:1:    layout_diamond_mine
Orc:2:    kennysheep_orc_mage_school, layout_diamond_mine,
          gauntlet_entry_generic, mines1_david, uniq_rupert

Skill      XL: |  1  2  3  4  5  6  7  8  9 10 11 12 13 14 |
---------------+-------------------------------------------+-----
Unarmed Combat | 1 2 3 4 5 6 7 9 10 12 13 15 16 | 16.4
Dodging        | 1 2 3 4 5 6 |  6.3
Throwing       | 2 3 4 5 6 7 8 9 |  9.7
Armour         | 1 2 3 4 5 6 7 8 9 |  9.6
Fighting       | 3 4 6 7 8 9 10 11 | 11.5
Invocations    | 1 3 5 6 8 9 10 | 10.6
Evocations     | 3 |  3.0
Short Blades   | |  1.7
Stealth        | |  4.3

Action                   |  1- 3 |  4- 6 |  7- 9 | 10-12 | 13-15 || total
-------------------------+-------+-------+-------+-------+-------++-------
Melee: Dagger            |   116 |       |       |       |       ||   116
       Punch             |     1 |     2 |    14 |    59 |   106 ||   182
       Unarmed           |       |   160 |   367 |   608 |   876 ||  2011
Throw: Dart              |     1 |     3 |     1 |    26 |     5 ||    36
       Boomerang         |       |       |       |       |    11 ||    11
       Javelin           |       |       |       |       |     3 ||     3
Invok: Heroism           |       |       |     1 |     6 |    11 ||    18
       Finesse           |       |       |       |     2 |     3 ||     5
Evoke: Wand              |       |       |     3 |       |    16 ||    19
  Use: Scroll            |       |     9 |     2 |     4 |     6 ||    21
       Potion            |       |       |       |     2 |     1 ||     3
 Stab: Sleeping          |     9 |       |       |       |       ||     9
       Paralysed         |       |       |     7 |       |       ||     7
Armor: Robe              |     7 |       |       |       |       ||     7
       Chain mail        |    42 |    73 |   181 |    63 |       ||   359
       Plate armour      |       |       |       |   254 |   395 ||   649
Dodge: Dodged            |    40 |    55 |   111 |   154 |   204 ||   564
